 Dungeon Crawl Stone Soup version 0.22-a0-515-g75794bf (webtiles) character file.

39 Amnesiac the Sneak (level 3, -3/18 HPs)
             Began as a Spriggan Wanderer on June 19, 2018.
             Killed from afar by Natasha (7 damage)
             ... with a magic dart
             ... on level 2 of the Dungeon.
             The game lasted 00:05:06 (1170 turns).

Amnesiac the Sneak (Spriggan Wanderer)              Turns: 1170, Time: 00:05:07

Health: -3/18      AC:  2    Str:  7    XL:     3   Next: 28%
Magic:  2/8        EV: 15    Int: 17    God:
Gold:   84         SH:  0    Dex: 13    Spells: 2/7 levels left

rFire    . . .     SeeInvis +   a - +2 short sword
rCold    . . .     Gourm    .   (shield restricted)
rNeg     . . .     Faith    .   d - +0 robe
rPois    .         Spirit   .   (helmet restricted)
rElec    .         Reflect  .   (no cloak)
rCorr    .         Harm     .   (gloves unavailable)
MR       .....                  (boots unavailable)
Stlth    +++.......             (no amulet)
HPRegen  0.06/turn              (no ring)
MPRegen  0.11/turn              (no ring)

@: very slightly contaminated, very quick
A: very small, unfitting armour, see invisible, herbivore, speed 3, slow
metabolism 2
a: no special abilities


You were on level 2 of the Dungeon.
You were not hungry.

You visited 1 branch of the dungeon, and saw 2 of its levels.

You collected 84 gold pieces.

Inventory:

Hand Weapons
 a - a +2 short sword (weapon)
Armour
 d - a +0 robe (worn)
Jewellery
 i - an uncursed ring of protection from cold {unknown}
Scrolls
 b - 3 scrolls of remove curse {!r, unknown}
 c - a scroll of enchant weapon {!r, unknown}
 h - 3 scrolls of magic mapping {!r, unknown}
 j - 3 scrolls of identify {!r, unknown}
Potions
 e - a potion of flight {!q, unknown}
 g - a potion of heal wounds {!q, unknown}
 k - a potion of curing {!q, unknown}
Comestibles
 f - 2 rations


   Skills:
 - Level 1.0 Fighting
 - Level 2.1 Short Blades
 - Level 4.4 Stealth
   Level 1.0 Shields
 - Level 2.6 Spellcasting
 - Level 1.0 Conjurations
 + Level 2.4 Summonings


You had 2 spell levels left.
You knew the following spells:

 Your Spells              Type           Power        Failure   Level  Hunger
a - Magic Dart            Conj           #...         12%         1    #......
b - Call Canine Familiar  Summ           ##......     21%         3    ###....
c - Summon Butterflies    Summ           ##......     7%          1    #......

Your spell library contained the following spells:

 Spells                   Type           Power        Failure   Level  Hunger
 Stone Arrow              Conj/Erth      #.....       41%         3    ###....


Dungeon Overview and Level Annotations

Branches:
Dungeon (2/15)

Altars:
Hepliaklqana

Annotations:
D:2 Natasha


Innate Abilities, Weirdness & Mutations

You are very small and have problems with some larger weapons.
You are too small for most types of armour.
You have supernaturally acute eyesight. (SInv)
You are a herbivore.
You cover ground extremely quickly.
You need to consume almost no food.


Message History

A frilled lizard and a quokka come into view.
Found a stone staircase leading down.
There are monsters nearby!
You closely miss the frilled lizard. The frilled lizard bites you.
You hit the frilled lizard.
You kill the frilled lizard!
You hit the quokka but do no damage.
The quokka twitches its whiskers.
The quokka bites you. The quokka barely misses you.
You miss the quokka. The quokka misses you.
You barely miss the quokka. The quokka barely misses you.
You hit the quokka.
You kill the quokka!
No target in view!
No target in view!
You start resting.
HP restored.
Found 18 stones.
Natasha is too close now for your liking.
Natasha is nearby!
Natasha is nearby!
Sorry, you're not good enough to have a special ability.
Unknown command. (m)acro, (M)acro raw, keymap [(k) default, (x) level-map, (t)argeting, (c)onfirm, m(e)nu], (s)ave?
Input macro trigger key: \{-1011} Current Action: ab Do you wish to (r)edefine, (c)lear, or (a)bort?
Input macro action: zb Created macro '\{-1011}' => 'zb'. (m)acro, (M)acro raw, keymap [(k) default, (x) level-map, (t)argeting, (c)onfirm, m(e)nu], (s)ave?
Saving macros.
Casting: Magic Dart (safe; 12% risk of failure)
Confirm with . or Enter, or press ? or * to list all spells.
You hear an angry hiss.
Something claws your hound.
Casting: Call Canine Familiar (safe; 21% risk of failure)
Confirm with . or Enter, or press ? or * to list all spells.
You miscast Call Canine Familiar.
You are very lightly contaminated with residual magic.
You hear strange voices.
Something claws your hound.
Unknown command.
Natasha claws you.
You hit Natasha.
Natasha is moderately wounded.
Natasha barely misses you.
You hit Natasha but do no damage.
Natasha is moderately wounded.
Natasha claws you.
You closely miss Natasha.
Natasha is heavily wounded.
Natasha casts a spell at you. The magic dart hits you!
* * * LOW HITPOINT WARNING * * *
You hit Natasha but do no damage.
Natasha is heavily wounded.
Natasha claws you.
* * * LOW HITPOINT WARNING * * *
Unknown command.
You hit Natasha but do no damage.
Natasha is heavily wounded.
Natasha casts a spell at you. The magic dart hits you!
You die...

#...........$......##
#...
#................###
#...
#._.####.#...#...#...
#... #..#
#.##.#########. #
#... #.# #.##...
##########.####... #.
.....$..
................† .#
#.##......# ####...#
#.h#......# ##...
#h@......# #...
###......# #...
###......# #...
..........#######...
.....................
...(.#############...
..... #... ##### #...
#...


You could see Natasha and a friendly hound.

Vanquished Creatures
  A leopard gecko (D:1)
  2 giant cockroaches
  2 goblins (D:1)
  6 hobgoblins
  8 jackals (D:2)
  3 kobolds (D:1)
  A quokka (D:2)
  A ball python (D:2)
  2 bats
  6 frilled lizards
  A rat (D:1)
33 creatures vanquished.

Notes
Turn   | Place    | Note
-------+----------+-------------------------------------------
     0 | D:1      | Amnesiac the Spriggan Wanderer began the quest for the Orb.
     0 | D:1      | Amnesiac set off with: a +2 short sword, a +0 robe, a +0 dagger, a ration
     0 | D:1      | Reached XP level 1. HP: 10/10 MP: 5/5
     2 | D:1      | Learned a level 1 spell: Summon Butterflies
    84 | D:1      | Learned a level 1 spell: Magic Dart
   138 | D:1      | Reached skill level 1 in Summonings
   431 | D:1      | Reached XP level 2. HP: 13/14 MP: 6/6
   533 | D:2      | Noticed Natasha
   553 | D:2      | Found a hazy altar of Hepliaklqana.
   944 | D:2      | Reached XP level 3. HP: 10/18 MP: 8/8
  1025 | D:2      | Learned a level 3 spell: Call Canine Familiar
  1170 | D:2      | Killed from afar by Natasha

Vault maps used:
D:1:      elethiomel_arrival_shortcut, hangedman_decor_growths
D:2:      overflow_temple_1_default, uniq_natasha

Skill      XL: |  1  2 |
---------------+-------+-----
Summonings     | 1 2 |  2.4
Fighting       | |  1.0
Short Blades   | |  2.1
Stealth        | |  4.4
Shields        | |  1.0
Spellcasting   | |  2.6
Conjurations   | |  1.0

Action                   || total
-------------------------++-------
Melee: Short sword       ||   100
 Cast: Magic Dart        ||     5
       Call Canine Famil ||     1
 Stab: Sleeping          ||     5
Armor: Robe              ||    10
Dodge: Dodged            ||    81

Table legend:
 A = Spawn XP
 B = Non-spawn XP
 C = Spawn XP percentage of total XP
 D = Spawn monster count
 E = Non-spawn monster count
 F = Spawn count percentage of total count
 G = Total turns spent on level
                    A         B        C        D         E        F      G
               +---------+---------+-------+---------+---------+-------+---------
         Total |       0 |      57 |   0.0 |       0 |      33 |   0.0 |  1170
               +---------+---------+-------+---------+---------+-------+---------
           D:1 |       0 |      26 |   0.0 |       0 |      15 |   0.0 |   818
           D:2 |       0 |      31 |   0.0 |       0 |      18 |   0.0 |   352
               +---------+---------+-------+---------+---------+-------+---------
